 Dungeon Sprint DCSS version 0.27-a0-1217-g8a41f320e8 (webtiles) character file.

Game seed: 11462185174608619923

653 funkygono the Tainter (level 7, -4/51 HPs)
             Began as a Formicid Venom Mage on June 6, 2021.
             Was an Elder of Vehumet.
             Slain by a phantom (8 damage)
             ... in the Dungeon (Sprint VII: "The Pits").
             The game lasted 00:03:46 (1415 turns).

funkygono the Tainter (Formicid Venom Mage)         Turns: 1415, Time: 00:03:47

Health: -4/51      AC:  2    Str: 12    XL:     7   Next: 84%
Magic:  8/19       EV: 13    Int: 17    God:    Vehumet [****..]
Gold:   0          SH:  0    Dex: 11    Spells: 10/24 levels left

rFire    . . .     SeeInvis +   b - +2 mace
rCold    . . .     Faith    .   (no shield)
rNeg     . . .     Spirit   .   a - +0 robe
rPois    .         Reflect  .   (helmet unavailable)
rElec    .         Harm     .   (no cloak)
rCorr    .         Rampage  .   (no gloves)
Will     .....                  (no boots)
Stlth    ++........             (no amulet)
HPRegen  0.17/turn              (no ring)
MPRegen  0.16/turn              (no ring)

@: very slightly contaminated, invisible
A: permanent stasis, dig shafts and tunnels, antennae 3, four strong arms
a: Dig, Renounce Religion


You were in the Dungeon.
You worshipped Vehumet.
Vehumet was greatly pleased with you.
You visited 1 branch

Inventory:

Hand Weapons
 b - a +2 mace (weapon)
Armour
 a - a +0 robe (worn)
Scrolls
 g - 5 scrolls of amnesia
 h - a scroll of summoning
Potions
 c - a potion of curing
 e - 4 potions of magic
 f - a potion of invisibility


   Skills:
 + Level 2.7 Fighting
 + Level 3.2 Maces & Flails
 + Level 4.1 Dodging
 - Level 2.4 Stealth
 + Level 9.3 Spellcasting
 + Level 5.2 Transmutations
 + Level 0.9 Fire Magic
 + Level 0.9 Ice Magic
 + Level 13.5 Poison Magic


You had 10 spell levels left.
You knew the following spells:

 Your Spells              Type           Power      Damage    Failure   Level
a - Sting                 Tmut/Pois      100%       1d8       1%          1
b - Poisonous Vapours     Pois/Air       62%        N/A       1%          2
c - Olgreb's Toxic Radia  Pois           52%        N/A       1%          4
d - Ignite Poison         Fire/Tmut/Pois 30%        N/A       1%          3
e - Freeze                Ice            44%        1d6       1%          1
f - Frozen Ramparts       Ice            22%        1d4       5%          3

Your spell library contained the following spells:

 Spells                   Type           Power      Damage    Failure   Level
 Airstrike                Air            3%         N/A       24%         4
 Mephitic Cloud           Conj/Pois/Air  23%        N/A       1%          3


Dungeon Overview and Level Annotations

Branches:
Dungeon (1/1)

Altars:
Ashenzari
Cheibriados
Dithmenos
Elyvilon
Fedhas
Gozag
Hepliaklqana
Kikubaaqudgha
Makhleb
Nemelex Xobeh
Okawaru
Qazlal
Ru
Sif Muna
Trog
Uskayaw
Vehumet
Wu Jian
Xom
Yredelemnul
Zin
The Shining One
Beogh
Jiyva
Lugonu


Innate Abilities, Weirdness & Mutations

You cannot be hasted, slowed, berserked, paralysed or teleported.
You can dig through walls and to a lower floor.
You have a pair of large antennae on your head. (SInv)
Your four strong arms can wield two-handed weapons with a shield.


Message History

a +1 vorpal spear; a +0 scale mail; a gnoll skeleton
Casting: Sting (safe; 1% risk of failure)
Confirm with . or Enter, or press ? or * to list all spells.
Okay, then.
Press: ? - help, v - describe, . - travel
Here: a phantom (heavily damaged)
The floor.
There are monsters nearby!
Unknown command.
You fade into invisibility!
The phantom hits you.
* * * LOW HITPOINT WARNING * * *
You are very lightly contaminated with residual magic.
Unknown command.
You barely miss the phantom.
The phantom is heavily damaged.
The phantom hits you.
* * * LOW HITPOINT WARNING * * *
The phantom barely misses you.
You closely miss the phantom.
The phantom is heavily damaged.
The white imp gestures at the phantom.
The puff of frost hits the phantom.
The phantom resists.
The phantom barely misses you.
You barely miss the phantom.
The phantom is severely damaged.
The phantom hits you.
* * * LOW HITPOINT WARNING * * *
You catch the helpless phantom completely off-guard!
You hit the phantom.
The phantom is severely damaged.
The white imp gestures at the phantom.
The puff of frost hits the phantom.
The phantom completely resists.
The phantom closely misses you.
You hit the phantom but do no damage.
The phantom is severely damaged.
The white imp gestures at the phantom.
The puff of frost hits the phantom.
The phantom completely resists.
The phantom hits you!
You die...

#.####+##
#...<...#
#.#{ {
#.......#
#.#{ {
#.......#
#'#########
#.......#
#..#.#.##..
#########
#.......#.#
##.#.#.##.#
{
#.......#'#
##.#@#.##5+
{
#....W.5#'#
##.#.#..).#
{
##########


You could see a phantom (wandering) and a white imp.

Vanquished Creatures
  A fire bat (D)
  2 floating eyes (D)
  A bullfrog (D)
  A gnoll sergeant (D)
  3 scorpions (D)
  2 river rats (D)
  An adder skeleton (D)
  A goblin (D)
  2 hobgoblins (D)
  A jackal skeleton (D)
15 creatures vanquished.

Notes
Turn   | Place    | Note
-------+----------+-------------------------------------------
     0 | D        | funkygono the Formicid Venom Mage began the quest for the
                  | Orb.
     0 | D        | Reached XP level 1. HP: 13/13 MP: 3/3
    25 | D        | Reached skill level 5 in Poison Magic
    25 | D        | Reached XP level 2. HP: 19/19 MP: 1/6
    78 | D        | Learned a level 2 spell: Poisonous Vapours
    95 | D        | Found a bloodstained altar of Trog.
    95 | D        | Found a shimmering blue altar of Sif Muna.
    95 | D        | Found a viscous altar of Jiyva.
    95 | D        | Found a hazy altar of Hepliaklqana.
    95 | D        | Found an opulent altar of Gozag.
    96 | D        | Found a glowing golden altar of the Shining One.
    96 | D        | Found a glowing silver altar of Zin.
    96 | D        | Found a basalt altar of Yredelemnul.
    96 | D        | Found a shimmering altar of Xom.
    96 | D        | Found an ornate altar of the Wu Jian Council.
    96 | D        | Found a sacrificial altar of Ru.
    96 | D        | Found a stormy altar of Qazlal.
    96 | D        | Found an iron altar of Okawaru.
    96 | D        | Found a sparkling altar of Nemelex Xobeh.
    96 | D        | Found a burning altar of Makhleb.
    96 | D        | Found a blossoming altar of Fedhas.
    96 | D        | Found a white marble altar of Elyvilon.
    96 | D        | Found a shadowy altar of Dithmenos.
    96 | D        | Found a snail-covered altar of Cheibriados.
    98 | D        | Found a radiant altar of Vehumet.
    98 | D        | Found a corrupted altar of Lugonu.
    99 | D        | Found a hide-covered altar of Uskayaw.
    99 | D        | Found an ancient bone altar of Kikubaaqudgha.
    99 | D        | Found a broken altar of Ashenzari.
   106 | D        | Became a worshipper of Vehumet
   139 | D        | Reached skill level 6 in Poison Magic
   186 | D        | Reached * piety under Vehumet
   186 | D        | Offered knowledge of Shock by Vehumet.
   187 | D        | Reached skill level 7 in Poison Magic
   187 | D        | Reached XP level 3. HP: 11/24 MP: 5/7
   365 | D        | Noticed a scorpion
   379 | D        | Killed a scorpion
   380 | D        | Reached skill level 9 in Poison Magic
   380 | D        | Reached XP level 4. HP: 20/31 MP: 7/10
   575 | D        | Learned a level 4 spell: Olgreb's Toxic Radiance
   579 | D        | Learned a level 3 spell: Ignite Poison
   846 | D        | Reached ** piety under Vehumet
   846 | D        | Offered knowledge of Freeze by Vehumet.
   849 | D        | Learned a level 1 spell: Freeze
   853 | D        | Noticed a bullfrog
   853 | D        | Noticed a floating eye
   867 | D        | Killed a bullfrog
   868 | D        | Reached skill level 1 in Maces & Flails
   868 | D        | Reached skill level 5 in Spellcasting
   868 | D        | Reached skill level 10 in Poison Magic
   868 | D        | Reached XP level 5. HP: 18/36 MP: 11/13
   869 | D        | Killed a floating eye
   870 | D        | Reached skill level 1 in Fighting
   870 | D        | Reached skill level 11 in Poison Magic
   870 | D        | Reached XP level 6. HP: 22/43 MP: 10/16
  1034 | D        | Offered knowledge of Frozen Ramparts by Vehumet.
  1034 | D        | Reached *** piety under Vehumet
  1035 | D        | Reached skill level 12 in Poison Magic
  1158 | D        | Learned a level 3 spell: Frozen Ramparts
  1177 | D        | Reached skill level 13 in Poison Magic
  1177 | D        | Reached XP level 7. HP: 33/49 MP: 11/18
  1379 | D        | Offered knowledge of Airstrike by Vehumet.
  1382 | D        | Noticed a fire bat
  1387 | D        | Killed a fire bat
  1387 | D        | Reached **** piety under Vehumet
  1388 | D        | Reached skill level 5 in Transmutations
  1415 | D        | Slain by a phantom

Illustrated notes

Levels and vault maps discovered:
D:        pitsprint [storerooms_1, entrance_room_1, metal_vault_1, armoury_1,
          mini_pit_1, grid_room_1, main_hall_1, silver_pit, the_coven_1,
          the_vestibule_1, steel_vault_2, golden_pit, hallway_of_sentries,
          crystal_vault_2, iron_vault_3, final_vault]

Skill      XL: |  1  2  3  4  5  6  7 |
---------------+----------------------+-----
Dodging        | 2 3 4 |  4.1
Spellcasting   | 3 4 5 7 8 9 |  9.3
Poison Magic   | 5 7 9 10 11 13 | 13.5
Transmutations | 2 3 4 5 |  5.2
Maces & Flails | 1 2 3 |  3.2
Fighting       | 1 2 |  2.7
Stealth        | |  2.4
Fire Magic     | |  0.9
Ice Magic      | |  0.9

Action                   |  1- 3 |  4- 6 |  7- 9 || total
-------------------------+-------+-------+-------++-------
Melee: Mace              |     4 |     6 |    18 ||    28
 Cast: Sting             |     8 |    14 |     5 ||    27
       Ignite Poison     |       |     1 |     1 ||     2
       Frozen Ramparts   |       |     1 |     1 ||     2
       Olgreb's Toxic Ra |       |       |     2 ||     2
  Use: Potion            |       |       |     2 ||     2
 Stab: Invisible         |       |       |     1 ||     1
Armor: Robe              |     1 |     4 |     4 ||     9
Dodge: Dodged            |     7 |    12 |    14 ||    33

Table legend: (Time is in decaauts)
 A = Elapsed time spent in this place.
 B = Non-inter-level travel time spent in this place.
 C = Inter-level travel time spent in this place.
 D = Time resting spent in this place.
 E = Time spent auto-exploring this place.
 F = Levels seen in this place.
 G = Mean time per level.
                   A        B        C        D        E       F      G
               +--------+--------+--------+--------+--------+-----+--------+
         Total |   1422 |   1422 |      0 |    982 |    135 |   1 | 1422.0 |
       Dungeon |   1422 |   1422 |      0 |    982 |    135 |   1 | 1422.0 |
               +--------+--------+--------+--------+--------+-----+--------+

Top non-repeatable levels by time:
       D: 1422 daAuts
